trelg, chaotic male orcish Rogue ------------------------ |..^^^^^^^^^^^^^^^^^^..| |..-------------------.| ----.| ----- |.| |..|`-- --...| |.| |.....|--|..`.| |.| |.``..|..|.``.| |.| --..``|`d...`-- |.| |`..`.@m|`..| ------|.| |.``/|..|.`.| --|.....|.| |.`.`---|`..| |.+.....|.| |.......|..-- |-|.....|.| ----.`..|.-- |.+.....+.| ---.--.| |-|.....|-- |.....| |.+.....| |>.|..| --|.....| ------- ------- trelg the Cutpurse Experience level: 4 Strength: 14 Dexterity: 18 Constitution: 16 Intelligence: 10 Wisdom: 10 Charisma: 10 Health: 0(38) Energy: 11(11) Def: 2 Gold: 404 Moves: 3000 Dungeon seed: 1kM9QetPaSXfPDuo Game ID: trelg_1593216941 Your Inventory: Coins $ - 404 gold pieces Amulets m - an uncursed amulet of life saving Weapons a - an uncursed corroded +0 orcish short sword (weapon in hand) b - 6 uncursed +0 orcish daggers (in quiver) Armor e - an uncursed burnt +1 leather armor (being worn) Comestibles h - 2 uncursed eggs i - 3 uncursed food rations x - 2 uncursed lembas wafers A - 2 uncursed cream pies F - 4 uncursed tripe rations H - an uncursed clove of garlic K - an uncursed pancake Scrolls j - an uncursed scroll of identify s - an uncursed scroll of remove curse v - 2 uncursed scrolls of earth Potions c - an uncursed potion of sickness k - an uncursed potion of blindness o - a cursed potion of monster detection t - an uncursed potion of gain ability Rings u - a cursed ring of hunger C - an uncursed ring of teleportation L - an uncursed ring of poison immunity Wands l - an uncursed wand of cancellation (0:4) w - an uncursed wand of fire (0:8) D - an uncursed wand of striking (0:2) I - an uncursed wand of cold (0:6) Tools d - an uncursed lock pick f - an uncursed oil lamp (0:1018) g - an uncursed sack G - an uncursed wax candle (0:400) Gems n - an uncursed worthless piece of orange glass q - 2 uncursed worthless pieces of violet glass r - 2 uncursed obsidian stones y - an uncursed worthless piece of white glass z - an uncursed worthless piece of red glass Spells and supernatural/magical abilities: Name Level Category Cost Memory W - pray for help -- divine ? -- Your skills at the end: Fighting Skills wands [Basic] Weapon Skills dagger [Skilled] short sword [Basic] Spellcasting Skills Final Attributes: You were piously aligned. You were immune to poison. You had infravision. You were stealthy. You were held by a giant mimic. You last prayed 429 turns ago. Kos was noncommittal. You are dead. Vanquished creatures: a gnome mummy a rock mole a red naga hatchling a little dog a kitten 2 dwarves a kobold shaman 3 hill orcs a rabid rat a centipede a monkey 4 orc zombies 2 wererats a werejackal an iguana an acid blob 2 coyotes 3 yellow molds a green mold 2 gnomes 4 garter snakes a gecko 3 jackals 6 sewer rats 3 grid bugs a bat 2 lichens 2 newts 53 creatures vanquished. Voluntary challenges: You were vegetarian. You used a wielded weapon 48 times, starting on turn 135. You read items or engraved 1 time, starting on turn 1370. You never genocided any monsters. You never polymorphed an object. You changed form 3 times, starting on turn 1289. You used no wishes. You never split a pudding. You wrote Elbereth's name 1 time, starting on turn 1370. You never violated your personal moral code. Dungeon overview: The Dungeons of Doom: levels 1 to 6 Level 1 a long staircase Level 2 Level 3 a general store Level 4 a fountain Level 5 many fountains Level 6 stairs to Sokoban Sokoban: levels 2 to 5 Level 2 <- You were here Unsolved Level 3 Solved Level 4 Solved Level 5 Solved stairs to The Dungeons of Doom History has recorded: On T:1 you entered the Dungeons of Doom to retrieve the Amulet of Yendor! On T:104 you reached level 2 of The Dungeons of Doom. On T:224 you reached level 3 of The Dungeons of Doom. On T:435 you reached level 4 of The Dungeons of Doom. On T:690 you reached level 5 of The Dungeons of Doom. On T:880 you advanced to experience level 2. On T:899 you advanced to experience level 3. On T:1022 you reached level 6 of The Dungeons of Doom. On T:1055 you advanced to experience level 4. On T:1108 you reached level 4 of Sokoban. On T:1594 you reached level 3 of Sokoban. On T:2440 you reached level 2 of Sokoban. On T:2944 you reached level 1 of Sokoban. Score breakdown: Gold: 404 ( 8869 points) Experience: 4 levels ( 9649 points) Exploration: 6 levels ( 12.50%) ( 9784 points) Discoveries: 4 items ( 1.37%) ( 3517 points) Valuables value: (no points given unless you survive) Artifact value: 0 ( 0 points) Variety of kills: 28 monsters ( 7.37%) ( 8143 points) Turncount: 3000 turns ( -599 points) Survival: died (score multiplied by 80%) Total score: 31490 Latest messages: The large dog bites the giant mimic. The giant mimic misses the large dog. The giant mimic hits the large dog. You feel more confident in your weapon skills. The orcish dagger hits the giant mimic. You are now more skilled in dagger. You throw 2 orcish daggers. The 1st orcish dagger hits the giant mimic. The 2nd orcish dagger hits the giant mimic. You throw 3 orcish daggers. The 1st orcish dagger hits the giant mimic. The 2nd orcish dagger hits the giant mimic. The 3rd orcish dagger hits the giant mimic. The giant mimic hits! (2x) You die... The sack is empty. The sack is empty. Final status: Goodbye trelg the Rogue, killed by a giant mimic... You died in Sokoban on dungeon level 2 with 31490 points, and 404 pieces of gold, after 3000 moves. You were level 4 with a maximum of 38 hit points when you died.